 Dungeon Crawl Stone Soup version 0.23.2-40-g277498a001 (webtiles) character file.

Game seed: 7838736889454481621

4018 FishyPogo the Martial Artist (level 10, -3/76 HPs)
             Began as a Gnoll Transmuter on Sept 21, 2019.
             Was a Priest of Dithmenos.
             Slain by Gastronok (25 damage)
             ... on level 8 of the Dungeon.
             The game lasted 00:29:26 (7080 turns).

FishyPogo the Martial Artist (Gnoll Transmuter)     Turns: 7080, Time: 00:29:26

Health: -3/76      AC:  5    Str: 15    XL:     10   Next: 23%
Magic:  0/20       EV: 16    Int: 16    God:    Dithmenos [***...]
Gold:   357        SH:  4    Dex: 18    Spells: 9/23 levels left

rFire    + . .     SeeInvis .   a - +3 flail
rCold    . . .     Gourm    .   (no shield)
rNeg     + . .     Faith    .   E - +2 leather armour {rN+}
rPois    .         Spirit   +   (no helmet)
rElec    .         Reflect  .   (no cloak)
rCorr    .         Harm     .   (no gloves)
MR       +....                  (no boots)
Stlth    ++++......             u - amulet of guardian spirit
HPRegen  0.22/turn              t - ring of protection from magic
MPRegen  0.17/turn              l - ring of protection from fire

@: slowed, wreathed by umbra, very slow
A: distributed training, fangs 1, large bone plates 1, strong 1, subdued magic
1, strong nose
a: Shadow Step, Renounce Religion


You were on level 8 of the Dungeon.
You worshipped Dithmenos.
Dithmenos was most pleased with you.
You were not hungry.

You visited 1 branch of the dungeon, and saw 8 of its levels.

You collected 413 gold pieces.
You spent 56 gold pieces at shops.

Inventory:

Hand Weapons
 a - a +3 flail (weapon)
 b - a +1 hunting sling of flaming
Missiles
 c - 264 stones (quivered)
 e - 55 sling bullets
 B - 23 poisoned needles
 F - 4 needles of confusion
Armour
 C - the +5 chain mail of Natt {rElec rPois MR- Int+10}
   (You found it on level 7 of the Dungeon)

   It affects your intelligence (+10).
   It insulates you from electricity.
   It protects you from poison.
   It affects your resistance to hostile enchantments.
 E - a +2 leather armour of positive energy (worn)
 I - a +0 shield
Jewellery
 f - a +4 ring of strength
 l - a ring of protection from fire (right hand)
 t - a ring of protection from magic (left hand)
 u - an amulet of guardian spirit (around neck)
Wands
 v - a wand of paralysis (15)
Scrolls
 h - 2 scrolls of enchant armour {unknown}
 k - a scroll of magic mapping
 n - 4 scrolls of identify
 p - 5 scrolls of amnesia {unknown}
 r - 8 scrolls of remove curse
 w - 2 scrolls of teleportation
 x - a scroll of summoning {unknown}
 z - a scroll of vulnerability {unknown}
 G - a scroll of blinking
 H - a scroll of fog
Potions
 g - a potion of might
 i - 2 potions of invisibility {unknown}
 j - 2 potions of ambrosia
 m - 2 potions of mutation
 o - 2 potions of curing
 q - 2 potions of brilliance {unknown}
 s - a potion of resistance {unknown}
 A - a potion of agility {unknown}
 D - a potion of haste {unknown}
Comestibles
 d - 13 rations
 J - a chunk of flesh


   Skills:
 + Level 5.7 Fighting
 + Level 5.0 Short Blades
 + Level 5.0 Long Blades
 + Level 5.0 Axes
 + Level 5.0 Maces & Flails
 + Level 5.0 Polearms
 + Level 5.0 Staves
 + Level 5.0 Slings
 + Level 5.0 Bows
 + Level 5.0 Crossbows
 + Level 5.0 Throwing
 + Level 5.0 Armour
 + Level 6.8 Dodging
 + Level 5.0 Stealth
 + Level 5.0 Shields
 + Level 8.3 Unarmed Combat
 + Level 7.1 Spellcasting
 + Level 4.1 Conjurations
 + Level 4.1 Hexes
 + Level 4.1 Charms
 + Level 4.1 Summonings
 + Level 4.1 Necromancy
 + Level 4.1 Translocations
 + Level 5.7 Transmutations
 + Level 4.1 Fire Magic
 + Level 4.1 Ice Magic
 + Level 4.1 Air Magic
 + Level 4.1 Earth Magic
 + Level 4.1 Poison Magic
 + Level 5.5 Invocations
 + Level 5.0 Evocations


You had 9 spell levels left.
You knew the following spells:

 Your Spells              Type           Power        Failure   Level  Hunger
a - Tukima's Dance        Hex            ##......     6%          3    ##.....
c - Confuse               Hex            ##......     6%          3    ##.....
d - Beastly Appendage     Tmut           ###...       1%          1    None
e - Spider Form           Tmut/Pois      ###.......   4%          3    ##.....
f - Ice Form              Ice/Tmut       ###.....     16%         4    ####...

Your spell library contained the following spells:

 Spells                   Type           Power        Failure   Level  Hunger
 Corona                   Hex            ##.....      1%          1    None
 Sticks to Snakes         Tmut           ###.....     1%          2    None
 Ensorcelled Hibernation  Hex/Ice        ##....       3%          2    None
 Dazzling Spray           Conj/Hex       ##....       6%          3    ##.....
 Blade Hands              Tmut           ###.......   32%         5    #####..


Dungeon Overview and Level Annotations

Branches:
Dungeon (8/15)             Temple (0/1) D:6
   Lair: D:8-11

Altars:
Ashenzari
Dithmenos
Nemelex Xobeh
Beogh

Shops:
D:6 !   D:8 *

Annotations:
D:8 Gastronok, Harold


Innate Abilities, Weirdness & Mutations

Your experience applies equally to all skills.
You have very sharp teeth.
Your uncanny sense of smell can sniff out nearby items.
You are partially covered in large bone plates. (SH +4)
Your muscles are strong. (Str +2)
Your spells are a little easier to cast, but a little less powerful.


Message History

Your transformation has ended.
Your +3 flail unmelds from your body.
Your +2 leather armour of positive energy unmelds from your body.
You feel more protected from negative energy.
You sock Gastronok!
Gastronok is severely wounded.
Gastronok gurgles, "I'll eat you, I will!"
You block Gastronok's attack.
You sock Gastronok!
Gastronok is severely wounded.
Gastronok closely misses you.
You hit Gastronok.
Gastronok is almost dead.
Gastronok waves his eye-stalks in wide circles.
The air twists around and strikes you!
* * * LOW HITPOINT WARNING * * *
You sock Gastronok!
Gastronok is almost dead.
Gastronok bites you!!
You die...

. ∆...... ..... ######
.... #....# .... #....#
..#.#### #....# #
##+###.#....# #....# #
....$(.####.###....# #
......w@...........# #
.....#............######
.....'..................
.....##+.........#.####.
#.... +....÷....#)## #.
.### #........###.# #.
######...'∩#.# #.
#####...###.###.
#........##..##.


You could see Gastronok.

Vanquished Creatures
  A two-headed ogre (D:8)
  A hippogriff (D:7)
  A wyvern (D:8)
  Eustachio (D:6)
  2 black bears (D:6)
  3 sky beasts
  A necrophage (D:7)
  4 phantoms
  3 ogres
  2 centaurs
  A big kobold (D:8)
  A bullfrog (D:7)
  A scorpion (D:8)
  A wight (D:8)
  4 crimson imps
  2 howler monkeys (D:8)
  2 centaur zombies
  A quasit (D:5)
  4 jellies
  An iguana (D:6)
  7 orc priests
  A centaur skeleton (D:6)
  3 hounds
  6 orc wizards
  A bullfrog skeleton (D:6)
  6 worker ants
  2 hound zombies (D:7)
  A worker ant zombie (D:7)
  2 howler monkey skeletons
  13 adders
  A shadow imp (D:8)
  An ooze (D:1)
  4 adder skeletons
  An adder zombie (D:5)
  A worm (D:3)
  A dart slug (D:1)
  A leopard gecko (D:2)
  24 orcs
  5 ball pythons
  3 bats
  6 giant cockroaches
  6 goblins
  3 hobgoblins
  9 jackals
  4 quokkas
  A ball python skeleton (D:4)
  3 frilled lizards
  A jackal zombie (D:8)
  10 kobolds
  5 rats
169 creatures vanquished.

Notes
Turn   | Place    | Note
-------+----------+-------------------------------------------
     0 | D:1      | FishyPogo the Gnoll Transmuter began the quest for the Orb.
     0 | D:1      | Reached XP level 1. HP: 17/17 MP: 6/6
    93 | D:1      | Reached XP level 2. HP: 18/23 MP: 5/7
   421 | D:1      | Reached XP level 3. HP: 26/28 MP: 7/9
   527 | D:1      | Reached skill level 5 in Spellcasting
   833 | D:2      | Found a shadowy altar of Dithmenos.
   833 | D:2      | Found a shattered altar of Ashenzari.
   834 | D:2      | Found a sparkling altar of Nemelex Xobeh.
   840 | D:2      | Became a worshipper of Dithmenos the Shadowed
   994 | D:2      | Reached skill level 1 in Invocations
  1173 | D:2      | Found a sparkling altar of Nemelex Xobeh.
  1264 | D:2      | Reached skill level 1 in Short Blades
  1264 | D:2      | Reached skill level 1 in Long Blades
  1264 | D:2      | Reached skill level 1 in Axes
  1264 | D:2      | Reached skill level 1 in Maces & Flails
  1264 | D:2      | Reached skill level 1 in Polearms
  1264 | D:2      | Reached skill level 1 in Staves
  1264 | D:2      | Reached skill level 1 in Slings
  1264 | D:2      | Reached skill level 1 in Bows
  1264 | D:2      | Reached skill level 1 in Crossbows
  1264 | D:2      | Reached skill level 1 in Throwing
  1264 | D:2      | Reached skill level 1 in Armour
  1264 | D:2      | Reached skill level 1 in Stealth
  1264 | D:2      | Reached skill level 1 in Shields
  1264 | D:2      | Reached skill level 1 in Evocations
  1429 | D:3      | Reached XP level 4. HP: 34/34 MP: 9/11
  1536 | D:3      | Gained mutation: Your spells are a little easier to cast,
                  | but a little less powerful. [potion of mutation]
  1536 | D:3      | Gained mutation: You are partially covered in large bone
                  | plates. (SH +4) [potion of mutation]
  1536 | D:3      | Gained mutation: Your muscles are strong. (Str +2) [potion
                  | of mutation]
  1536 | D:3      | HP: 1/34 [poisoned by a worker ant]
  1544 | D:3      | Reached skill level 1 in Conjurations
  1544 | D:3      | Reached skill level 1 in Hexes
  1544 | D:3      | Reached skill level 1 in Charms
  1544 | D:3      | Reached skill level 1 in Summonings
  1544 | D:3      | Reached skill level 1 in Necromancy
  1544 | D:3      | Reached skill level 1 in Translocations
  1544 | D:3      | Reached skill level 1 in Fire Magic
  1544 | D:3      | Reached skill level 1 in Ice Magic
  1544 | D:3      | Reached skill level 1 in Air Magic
  1544 | D:3      | Reached skill level 1 in Earth Magic
  1544 | D:3      | Reached skill level 1 in Poison Magic
  1893 | D:3      | Found a roughly hewn altar of Beogh.
  1899 | D:3      | Reached XP level 5. HP: 40/40 MP: 10/12
  1911 | D:3      | HP: 1/40 [something (4)]
  2177 | D:4      | Reached XP level 6. HP: 39/47 MP: 11/13
  2185 | D:3      | Learned a level 3 spell: Spider Form
  2736 | D:4      | Reached skill level 5 in Dodging
  2877 | D:5      | Entered Level 5 of the Dungeon
  3047 | D:5      | Reached XP level 7. HP: 40/52 MP: 13/15
  3062 | D:5      | Reached * piety under Dithmenos
  3271 | D:5      | Reached skill level 7 in Unarmed Combat
  3676 | D:5      | Reached XP level 8. HP: 24/60 MP: 10/16
  4549 | D:6      | Found Heucs's Distillery.
  4715 | D:6      | Learned a level 3 spell: Tukima's Dance
  4718 | D:6      | Bought a potion of degeneration for 14 gold pieces
  4718 | D:6      | Bought a potion of curing for 42 gold pieces
  4728 | D:6      | Found a staircase to the Ecumenical Temple.
  4728 | D:6      | Noticed Eustachio
  4838 | D:6      | Killed Eustachio
  4959 | D:6      | Reached ** piety under Dithmenos
  5155 | D:6      | Reached XP level 9. HP: 46/66 MP: 9/18
  5226 | D:6      | Reached skill level 5 in Transmutations
  5805 | D:7      | Reached skill level 5 in Fighting
  5839 | D:7      | Reached skill level 8 in Unarmed Combat
  5873 | D:7      | Got an aquamarine-encrusted chain mail
  5884 | D:7      | Identified the +5 chain mail of Natt {rElec rPois MR-
                  | Int+10} (You found it on level 7 of the Dungeon)
  6424 | D:8      | Reached *** piety under Dithmenos
  6458 | D:8      | Reached skill level 5 in Invocations
  6482 | D:8      | Found Soodgh's General Store.
  6574 | D:8      | Noticed Harold
  6581 | D:8      | Noticed a two-headed ogre
  6830 | D:8      | Killed a two-headed ogre
  6830 | D:8      | Reached XP level 10. HP: 18/75 MP: 5/20
  6957 | D:8      | Reached skill level 5 in Short Blades
  6957 | D:8      | Reached skill level 5 in Long Blades
  6957 | D:8      | Reached skill level 5 in Axes
  6957 | D:8      | Reached skill level 5 in Maces & Flails
  6957 | D:8      | Reached skill level 5 in Polearms
  6957 | D:8      | Reached skill level 5 in Staves
  6957 | D:8      | Reached skill level 5 in Slings
  6957 | D:8      | Reached skill level 5 in Bows
  6957 | D:8      | Reached skill level 5 in Crossbows
  6957 | D:8      | Reached skill level 5 in Throwing
  6957 | D:8      | Reached skill level 5 in Armour
  6957 | D:8      | Reached skill level 5 in Stealth
  6957 | D:8      | Reached skill level 5 in Shields
  6957 | D:8      | Reached skill level 5 in Evocations
  7002 | D:8      | Learned a level 4 spell: Ice Form
  7006 | D:8      | Learned a level 3 spell: Confuse
  7011 | D:8      | Noticed Gastronok
  7080 | D:8      | Slain by Gastronok

Skill      XL: |  1  2  3  4  5  6  7  8  9 10 |
---------------+-------------------------------+-----
Spellcasting   | 5 6 7 |  7.1
Invocations    | 1 2 3 4 5 |  5.5
Short Blades   | 1 2 3 4 5 |  5.0
Long Blades    | 1 2 3 4 5 |  5.0
Axes           | 1 2 3 4 5 |  5.0
Maces & Flails | 1 2 3 4 5 |  5.0
Polearms       | 1 2 3 4 5 |  5.0
Staves         | 1 2 3 4 5 |  5.0
Slings         | 1 2 3 4 5 |  5.0
Bows           | 1 2 3 4 5 |  5.0
Crossbows      | 1 2 3 4 5 |  5.0
Throwing       | 1 2 3 4 5 |  5.0
Armour         | 1 2 3 4 5 |  5.0
Stealth        | 1 2 3 4 5 |  5.0
Shields        | 1 2 3 4 5 |  5.0
Evocations     | 1 2 3 4 5 |  5.0
Conjurations   | 1 2 3 4 |  4.1
Hexes          | 1 2 3 4 |  4.1
Charms         | 1 2 3 4 |  4.1
Summonings     | 1 2 3 4 |  4.1
Necromancy     | 1 2 3 4 |  4.1
Translocations | 1 2 3 4 |  4.1
Fire Magic     | 1 2 3 4 |  4.1
Ice Magic      | 1 2 3 4 |  4.1
Air Magic      | 1 2 3 4 |  4.1
Earth Magic    | 1 2 3 4 |  4.1
Poison Magic   | 1 2 3 4 |  4.1
Fighting       | 3 4 5 |  5.7
Transmutations | 4 5 |  5.7
Dodging        | 5 6 |  6.8
Unarmed Combat | 7 8 |  8.3

Action                   |  1- 3 |  4- 6 |  7- 9 | 10-12 || total
-------------------------+-------+-------+-------+-------++-------
Melee: Unarmed           |    80 |    96 |   246 |    20 ||   442
       Bite              |     6 |     7 |    22 |     3 ||    38
       Kick              |     6 |    13 |    10 |       ||    29
       Headbutt          |     2 |     7 |     7 |       ||    16
       Punch             |       |     2 |     9 |     1 ||    12
       Flail             |       |       |    55 |    18 ||    73
 Fire: Hunting sling     |       |       |    26 |       ||    26
Throw: Stone             |       |       |    17 |     1 ||    18
 Cast: Beastly Appendage |    14 |    13 |    14 |     1 ||    42
       Spider Form       |       |       |    24 |     2 ||    26
 Abil: End Transformatio |       |       |     1 |     1 ||     2
  Use: Potion            |       |     7 |       |       ||     7
       Scroll            |       |       |     7 |       ||     7
 Stab: Sleeping          |     4 |     2 |     6 |       ||    12
       Distracted        |       |       |     1 |       ||     1
  Eat: Chunk             |     2 |     5 |    13 |     1 ||    21
Armor: Robe              |    10 |    14 |     1 |       ||    25
       Leather armour    |       |       |    12 |     5 ||    17
       Skin              |       |       |     3 |       ||     3
Dodge: Dodged            |    54 |    58 |   272 |    17 ||   401
Block: Other             |       |     7 |    19 |     3 ||    29
